 Dungeon Crawl Stone Soup version 0.31-a0-267-g3fc6992b3b (webtiles) character file.

Game seed: 6887261352763121155

229 qw the Shooter (level 5, -2/41 HPs)
             Began as a Minotaur Hexslinger on July 13, 2023.
             Killed from afar by Natasha (6 damage)
             ... with a magic dart
             ... on level 2 of the Dungeon.
             The game lasted 00:00:36 (1403 turns).

qw the Shooter (Minotaur Hexslinger)                Turns: 1403, Time: 00:00:36

Health: -2/41      AC:  6    Str: 13    XL:     5   Next: 71%
Magic:  5/5        EV: 11    Int: 10    God:
Gold:   39         SH:  0    Dex: 14    Spells: 5/6 levels left

rFire   . . .        Y - +1 sling
rCold   . . .        (no shield)
rNeg    . . .        a - +0 ring mail
rPois   .            (helmet restricted)
rElec   .            (no cloak)
rCorr   .            i - +0 pair of gloves
SInv    .            (no boots)
Will    .....        g - amulet of faith
Stlth   +            (no ring)
HPRegen 0.26/turn    (no ring)
MPRegen 0.09/turn

%: faith
@: no status effects
A: horns 2, retaliatory headbutt
a: no special abilities


You were on level 2 of the Dungeon.
You visited 1 branch of the dungeon, and saw 2 of its levels.

You collected 39 gold pieces.


Innate Abilities, Weirdness & Mutations

You have a pair of horns on your head.
You reflexively headbutt those who attack you in melee.


   Skills:
 + Level 2.3 Fighting
 - Level 6.2 Ranged Weapons
 - Level 1.0 Armour
 - Level 2.1 Dodging
 - Level 1.0 Spellcasting
 - Level 2.0 Hexes


You had 5 spell levels left.
You knew the following spells:

 Your Spells              Type           Power      Damage    Failure   Level
a - Slow                  Hex            16%        N/A       32%         1

Your spell library contained the following spells:

 Spells                   Type           Power      Damage    Failure   Level
 Inner Flame              Hex/Fire       2%         N/A       82%         3
 Portal Projectile        Hex/Tloc       4%         N/A       82%         3
 Cause Fear               Hex            2%         N/A       97%         4

Inventory:

Hand Weapons
 Y - a +1 sling (weapon)
Armour
 a - a +0 ring mail (worn)
 i - a +0 pair of gloves (worn)
Jewellery
 f - a ring of poison resistance
 g - an amulet of faith (around neck)
Scrolls
 b - a scroll of enchant weapon {unknown}
 c - a scroll of identify
Potions
 d - a potion of cancellation {unknown}
 e - a potion of ambrosia {unknown}
 h - a potion of attraction {unknown}
 j - a potion of lignification {unknown}
 k - a potion of might {unknown}
 l - a potion of heal wounds {unknown}

Dungeon Overview and Level Annotations

Branches:
Dungeon (2/15)

Altars:
Cheibriados

Annotations:
D:2 Natasha


Message History

Natasha is moderately wounded.
Natasha claws you but does no damage.
You shoot a sling bullet. The sling bullet hits Natasha.
Natasha is severely wounded.
Natasha stares at you and mumbles some strange words.
The magic dart hits you. Natasha misses you. You furiously retaliate!
You headbutt Natasha. You shoot a sling bullet.
The sling bullet completely misses Natasha.
Natasha claws you but does no damage.
You shoot a sling bullet. The sling bullet barely misses Natasha.
Natasha mumbles some strange words.
Natasha glows brightly for a moment.
Natasha mumbles some strange words.
You shoot a sling bullet.
The sling bullet completely misses Natasha.
Natasha claws you. The cerulean imp closely misses you.
You shoot a sling bullet. The sling bullet barely misses Natasha.
Natasha mumbles some strange words.
The cerulean imp hits you but does no damage.
You shoot a sling bullet. The sling bullet misses Natasha.
Natasha claws you!
The cerulean imp hits you but does no damage.
Natasha claws you!
You shoot a sling bullet.
The sling bullet closely misses Natasha.
The cerulean imp hits you but does no damage.
Natasha closely misses you.
You shoot a sling bullet.
The sling bullet closely misses Natasha.
The cerulean imp barely misses you. Natasha closely misses you.
The cerulean imp hits you but does no damage.
You shoot a sling bullet. The sling bullet barely misses Natasha.
Natasha closely misses you.
The cerulean imp hits you from afar with a +1 spear.
You shoot a sling bullet.
The sling bullet closely misses Natasha.
Natasha casts a spell at you. The magic dart hits you.
You die...

###.......# # #
.#........#### .##
......).....#.. #..
<>..._......... #....
#(........... ##.#.
#......###.#. # #.5.
#....##.#..
#.##.h#######..#...###.
#.....@..........##.#..
####..########.........
#..## ###.#####.
#...#########.# ##
#[#......##...#
#%..####%##.### #.###
#)##.# #.# #.##.# #.#
#.##.# ###


You could see Natasha and a cerulean imp (summoned).

Vanquished Creatures
  Sigmund (D:2)
  Natasha (D:2)
  A gnoll (D:1)
  An adder (D:2)
  A worm (D:2)
  3 ball pythons (D:1)
  5 endoplasms
  A giant cockroach (D:1)
  3 hobgoblins
  2 kobolds (D:1)
  A quokka (D:1)
  6 bats
  3 frilled lizards
  3 goblins
  4 rats
36 creatures vanquished.

Notes
Turn   | Place    | Note
-------+----------+-------------------------------------------
     0 | D:1      | qw the Minotaur Hexslinger began the quest for the Orb.
     0 | D:1      | Reached XP level 1. HP: 16/16 MP: 1/1
     0 | D:1      | 0 ||| qw: Version: 0.3-a-52-g30416fa
     0 | D:1      | 0 ||| qw: Game counter: 7755
     0 | D:1      | 0 ||| qw: Melee chars always use a shield: true
     0 | D:1      | 0 ||| qw: God list: Okawaru
     0 | D:1      | 0 ||| qw: Allow faded altars: false
     0 | D:1      | 0 ||| qw: Do Orc after clearing Dungeon:15 true
     0 | D:1      | 0 ||| qw: Do second Lair branch before Depths: true
     0 | D:1      | 0 ||| qw: Lair rune preference: random
     0 | D:1      | 0 ||| qw: Goals: Normal
     0 | D:1      | 0 ||| PLANNING D:1-11
    80 | D:1      | Reached skill level 3 in Ranged Weapons
    80 | D:1      | Reached XP level 2. HP: 23/23 MP: 2/2
   107 | D:1      | Found a faded altar of an unknown god.
   219 | D:1      | Reached XP level 3. HP: 29/29 MP: 3/3
   497 | D:1      | 497 ||| UPGRADING to +0 pair of gloves.
   502 | D:1      | 502 ||| UPGRADING to amulet of faith.
   507 | D:1      | 507 ||| READING scroll labelled JOENADW WAVIOPN.
   508 | D:1      | 508 ||| READING 2 scrolls labelled GOAHUNKEHI.
   511 | D:1      | 511 ||| READING scroll labelled POHISH EKINWIH.
   512 | D:1      | 512 ||| READING scroll labelled XOXTEOGOKI.
   513 | D:1      | 513 ||| READING scroll labelled CUROAFROAL.
   514 | D:1      | 514 ||| DROPPING scroll of poison.
   539 | D:2      | 539 ||| STAIRDANCE
   762 | D:2      | Noticed Natasha
   767 | D:2      | Killed Natasha
   768 | D:2      | Reached skill level 4 in Ranged Weapons
  1013 | D:2      | Found a snail-covered altar of Cheibriados.
  1015 | D:2      | Noticed Sigmund
  1027 | D:2      | 1027 ||| UPGRADING to +0 ring mail.
  1027 | D:2      | HP: 5/29 [Sigmund/+0 scythe (4)]
  1028 | D:2      | 1028 ||| READING scroll of teleportation.
  1029 | D:2      | 1029 ||| UPGRADING to +0 ring mail.
  1126 | D:2      | 1126 ||| UPGRADING to +0 ring mail.
  1136 | D:2      | 1136 ||| DROPPING +0 robe.
  1199 | D:2      | Reached XP level 4. HP: 34/36 MP: 4/4
  1212 | D:2      | Reached skill level 1 in Armour
  1309 | D:2      | Killed Sigmund
  1310 | D:2      | Reached skill level 6 in Ranged Weapons
  1310 | D:2      | Reached XP level 5. HP: 41/41 MP: 5/5
  1382 | D:2      | Noticed Natasha
  1399 | D:2      | HP: 9/41 [Natasha (8)]
  1402 | D:2      | HP: 4/41 [cerulean imp/+1 spear[Natasha] (6)]
  1403 | D:2      | Killed from afar by Natasha

Levels and vault maps discovered:
D:1:      minmay_arrival_shoal_huts, layout_basic,
          ebering_ecumenical_altar_webs, minmay_indecisive_spiral
D:2:      layout_loops_ring, basic_altar, uniq_sigmund, uniq_natasha

Skill      XL: |  1  2  3  4 |
---------------+-------------+-----
Ranged Weapons | 3 4 6 |  6.2
Fighting       | 2 |  2.3
Armour         | 1 |  1.0
Dodging        | |  2.1
Spellcasting   | |  1.0
Hexes          | |  2.0

Action                     |  1- 3 |  4- 6 || total
---------------------------+-------+-------++-------
   Fire: Sling             |    93 |    34 ||   127
    Use: Scroll            |     6 |       ||     6
 Armour: Robe              |     8 |       ||     8
         Ring mail         |     1 |    11 ||    12
  Dodge: Dodged            |    21 |     9 ||    30

Table legend:
 A = Non-vault XP
 B = Vault XP
 C = Vault XP percentage of total XP
 D = Non-vault monster count
 E = Vault monster count
 F = Vault count percentage of total count
                 A         B        C        D         E       F
            +---------+---------+-------+---------+---------+-------
      Total |      72 |     256 |  78.0 |      30 |       6 |  16.7
            +---------+---------+-------+---------+---------+-------
        D:1 |      39 |       7 |  15.2 |      17 |       4 |  19.0
        D:2 |      33 |     249 |  88.3 |      13 |       2 |  13.3
            +---------+---------+-------+---------+---------+-------
